 Dungeon Crawl Stone Soup version 0.27-a0-1090-gb115f176c6 (webtiles) character file.

Game seed: 7642502368136176442

2 dolemite99 the Chopper (level 1, 0/19 HPs)
             Began as a Minotaur Monk on Apr 28, 2021.
             Slain by a goblin
             ... wielding a +0 dagger
              (2 damage)
             ... on level 1 of the Dungeon.
             The game lasted 00:00:13 (50 turns).

dolemite99 the Chopper (Minotaur Monk)                Turns: 50, Time: 00:00:13

Health: 0/19       AC:  2    Str: 15    XL:     1   Next: 25%
Magic:  0/0        EV: 12    Int:  7    God:
Gold:   0          SH:  0    Dex: 12    Spells: 0/0 levels left

rFire    . . .     SeeInvis .   a - +0 hand axe
rCold    . . .     Faith    .   (no shield)
rNeg     . . .     Spirit   .   b - +0 robe
rPois    .         Reflect  .   (helmet restricted)
rElec    .         Harm     .   (no cloak)
rCorr    .         Rampage  .   (no gloves)
Will     .....                  (no boots)
Stlth    ++........             (no amulet)
HPRegen  0.06/turn              (no ring)
MPRegen  0.07/turn              (no ring)

@: no status effects
A: horns 2, retaliatory headbutt
a: no special abilities


You were on level 1 of the Dungeon.
You visited 1 branch of the dungeon, and saw 1 of its levels.

Inventory:

Hand Weapons
 a - a +0 hand axe (weapon)
Armour
 b - a +0 robe (worn)


   Skills:
 - Level 3.6 Fighting
 + Level 3.8 Axes
 - Level 3.2 Dodging
 - Level 1.5 Stealth


You couldn't memorise any spells.
You didn't know any spells.
Your spell library was empty.

Dungeon Overview and Level Annotations

Branches:
Dungeon (1/15)

Altars:


Innate Abilities, Weirdness & Mutations

You have a pair of horns on your head.
You reflexively headbutt those who attack you in melee.


Message History

You hit the ball python.
The ball python bites you but does no damage.
The ball python constricts you. The ball python bites you.
The ball python constricts you.
You barely miss the kobold. You hit the dart slug.
You closely miss the ball python. The dart slug bites you.
A goblin comes into view. It is wielding a +0 dagger.
The kobold hits you with a +0 dagger.
* * * LOW HITPOINT WARNING * * *
The ball python bites you but does no damage.
* * * LOW HITPOINT WARNING * * *
The ball python constricts you.
You escape the ball python's grasp.
The dart slug closely misses you.
The kobold throws a stone.
The stone hits you.
* * * LOW HITPOINT WARNING * * *
The kobold throws a stone.
The stone misses you.
You aren't carrying any potions.
You hit the kobold.
The kobold is moderately wounded.
The kobold completely misses you.
You hit the kobold but do no damage.
The kobold is moderately wounded.
The kobold hits you with a +0 dagger.
* * * LOW HITPOINT WARNING * * *
You hit the kobold.
You kill the kobold!
The ball python bites you but does no damage.
The ball python grabs you.
* * * LOW HITPOINT WARNING * * *
The ball python constricts you.
You barely miss the ball python.
The ball python is heavily wounded.
The ball python bites you but does no damage.
The ball python constricts you.
You slash the ball python!
You kill the ball python!
You hit the goblin.
The goblin is heavily wounded.
The goblin hits you with a +0 dagger.
You die...

#......# #......#
#......# ####..##
#..#
#######..#####
#.....w........
####
#####'##g##+####.
#8.######......#@#
#..'....'...≈..#8#
#..######...≈≈≈###
##'#....#..≈≈≈≈#
........########
♣.....[........
♣♣.............
♣♣.........≈≈≈
♣♣...........


You could see a dart slug and a goblin.

Vanquished Creatures
  A ball python (D:1)
  A kobold (D:1)
2 creatures vanquished.

Notes
Turn   | Place    | Note
-------+----------+-------------------------------------------
     0 | D:1      | dolemite99 the Minotaur Monk began the quest for the Orb.
     0 | D:1      | Reached XP level 1. HP: 19/19 MP: 0/0
    50 | D:1      | Slain by a goblin

Illustrated notes

Levels and vault maps discovered:
D:1:      sevenhm_arrival_forest_fort_large_1, layout_rooms,
          basic_ecumenical_altar, chequers_arboretum, minmay_crystal_water

Action                   || total
-------------------------++-------
Melee: Hand axe          ||    11
       Headbutt          ||     2
Armor: Robe              ||     4
Dodge: Dodged            ||     5

Table legend: (Time is in decaauts)
 A = Elapsed time spent in this place.
 B = Non-inter-level travel time spent in this place.
 C = Inter-level travel time spent in this place.
 D = Time resting spent in this place.
 E = Time spent auto-exploring this place.
 F = Levels seen in this place.
 G = Mean time per level.
                   A        B        C        D        E       F      G
               +--------+--------+--------+--------+--------+-----+--------+
         Total |     51 |     51 |      0 |      0 |     27 |   1 |   51.0 |
       Dungeon |     51 |     51 |      0 |      0 |     27 |   1 |   51.0 |
               +--------+--------+--------+--------+--------+-----+--------+

Top non-repeatable levels by time:
     D:1: 51 daAuts
